AoeStats
← SeemsFishy

MegaRandom

508027428Analyzed
4v4 RM · 11d ago on Sep 20, 2026· 49m 14s· 8 players
Game mode
Random Map
Map size
Large (8 player)
Population
200
Speed
Normal
Resources
Standard
Victory
Conquest
Starting age
Dark Age
Ending age
Imperial Age
RankedLock teamsTeams togetherTeam positionsShared explorationLock speedFull tech treeHidden civsTurbo modeCheats
Victory
Defeat
🇨🇴 Poles · Colombia
1432
+13
🇦🇷 Goths · Argentina
1400
+15
🇦🇷 Teutons · Argentina
1392
+15
🇦🇷 Portuguese · Argentina
1354
+16
🇬🇧 Spanish · United Kingdom
1399
-16
🇷🇺 Malians · Russia
1363
-15
🇺🇸 Georgians · United States
1355
-14
🇷🇸 Maya · Serbia
1352
-14
Rionosis
7:37 Loom
9:53 Feudal Age
10:26 Double-Bit Axe
10:24 Horse Collar
19:43 Wheelbarrow
22:57 Castle Age
21:02 Gold Mining
21:21 Scale Barding Armor
21:27 Forging
21:41 Bloodlines
23:57 Bow Saw
23:49 Heavy Plow
23:53 Husbandry
24:17 Chain Barding Armor
24:33 Iron Casting
23:48 Light Cavalry
24:29 Town Watch
28:56 Fletching
35:23 Hand Cart
41:52 Imperial Age
42:20 Cavalier
43:42 Plate Barding Armor
44:07 Blast Furnace
45:54 Bodkin Arrow
47:25 Ballistics
47:25 Herbal Medicine
48:10 Conscription
48:01 Svan Towers
49:08 Bracer
49:01 Guard Tower
SeemsFishy
9:57 Feudal Age
13:32 Double-Bit Axe
18:49 Loom
20:05 Bloodlines
22:00 Castle Age
20:31 Scale Barding Armor
20:36 Horse Collar
21:27 Bloodlines
21:48 Forging
23:05 Chain Barding Armor
23:00 Heavy Plow
22:29 Light Cavalry
26:03 Husbandry
27:00 Wheelbarrow
26:41 Bow Saw
29:26 Iron Casting
29:09 Town Watch
34:13 Hand Cart
34:33 Gold Mining
34:34 Stone Mining
41:29 Imperial Age
41:38 Cavalier
42:56 Plate Barding Armor
43:21 Blast Furnace
44:26 Stone Shaft Mining
47:26 Fletching
The Wulf
0:30 Loom
11:16 Feudal Age
15:08 Fletching
16:01 Double-Bit Axe
17:17 Horse Collar
23:10 Castle Age
23:19 Crossbowman
24:36 Bow Saw
25:49 Ballistics
26:06 Bodkin Arrow
28:23 Padded Archer Armor
30:07 Thumb Ring
31:49 Leather Archer Armor
35:21 Gold Mining
35:47 Town Watch
36:48 Wheelbarrow
38:17 Fervor
41:22 Imperial Age
41:22 Arbalester
42:04 Bracer
43:20 Chemistry
43:03 Stone Mining
46:29 Elite Skirmisher
48:04 Conscription
max_paynich
0:30 Loom
5:27 Loom
13:40 Feudal Age
16:32 Double-Bit Axe
19:19 Castle Age
19:06 Fishing Lines
23:46 Squires
27:36 Horse Collar
42:43 Scale Mail Armor
43:35 Forging
43:38 Arson
46:11 Pikeman
47:39 Wheelbarrow
46:49 Town Watch
I CZK I Break
11:46 Feudal Age
10:05 Loom
11:51 Feudal Age
16:55 Castle Age
23:08 Horse Collar
23:14 Double-Bit Axe
26:26 Wheelbarrow
30:00 Scale Barding Armor
31:33 Chain Barding Armor
31:58 Bloodlines
31:59 Forging
33:18 Stone Mining
33:19 Gold Mining
36:04 Heavy Plow
37:05 Iron Casting
39:08 Imperial Age
36:24 Town Watch
37:59 Szlachta Privileges
39:29 Husbandry
39:12 Cavalier
40:53 Blast Furnace
40:26 Conscription
42:32 Lechitic Legacy
41:35 Light Cavalry
42:18 Winged Hussar
44:19 Hand Cart
47:12 Crop Rotation
ZY-Franco
5:30 Loom
10:49 Feudal Age
11:34 Double-Bit Axe
11:30 Horse Collar
19:00 Bloodlines
23:35 Castle Age
22:42 Scale Barding Armor
23:38 Forging
23:41 Bloodlines
23:32 Town Watch
24:55 Chain Barding Armor
25:46 Gold Mining
26:27 Heavy Plow
31:12 Iron Casting
44:06 Wheelbarrow
43:53 Bow Saw
46:27 Hand Cart
46:46 Stone Mining
50:16 Imperial Age
49:50 Stone Shaft Mining
| CZK | Beijingz_
9:06 Loom
11:28 Feudal Age
16:38 Castle Age
15:05 Double-Bit Axe
15:32 Horse Collar
15:50 Fletching
16:44 Crossbowman
17:41 Padded Archer Armor
20:00 Bodkin Arrow
23:58 Ballistics
24:34 Leather Archer Armor
26:36 Wheelbarrow
26:49 Thumb Ring
27:38 Town Watch
36:06 Imperial Age
34:54 Hand Cart
35:49 Gold Mining
36:56 Bracer
36:40 Arbalester
39:34 Chemistry
40:41 Ring Archer Armor
42:32 Scale Barding Armor
42:38 Forging
43:12 Light Cavalry
44:03 Bloodlines
43:15 Cavalier
43:55 Husbandry
44:18 Chain Barding Armor
44:35 Iron Casting
46:56 Plate Barding Armor
47:22 Blast Furnace
| CZK | Ashvini
8:04 Loom
8:53 Loom
10:42 Feudal Age
11:26 Double-Bit Axe
14:46 Horse Collar
21:39 Castle Age
21:41 Gold Mining
22:46 Wheelbarrow
23:32 Scale Barding Armor
29:15 Husbandry
32:57 Chain Barding Armor
32:58 Bow Saw
32:49 Heavy Plow
33:00 Town Watch
33:52 Forging
36:01 Bloodlines
36:28 Iron Casting
39:47 Imperial Age
39:23 Squires
39:34 Stone Mining
40:08 Cavalier
41:49 Blast Furnace
45:17 Conscription
45:09 Anarchy
44:32 Pikeman
45:14 Halberdier
46:20 Elite Huskarl
Connection lost

Rejoining the realm…

Still unreachable

The connection could not be restored.

Session expired

The server has moved on; the page needs a fresh start.